Map: Cactus Valley LE (Void)

Players

Pseudorandom

Typhux - Winner!

  • Race: Zerg Zerg

VOD

http://www.twitch.tv/pseudorandom63/b/646849655

Description

Time

  • Played on: April 7, 2015, 12:24 a.m.
  • Length: 8:43
Show
View Real Time Build Order
Export as new Build Order

Pseudorandom Zerg 

Build Orders: Pool First, Ravager All-In 

Get SALT Encoding   

  12  0:01  Drone  
  13  0:12  Overlord  
  13  0:21  Drone  
  14  0:31  Drone x2  
  16  0:36  Drone  
  17  0:52  Drone  
  17  0:57  Drone, Spawning Pool  
  18  1:16  Hatchery  
  17  1:19  Drone  
  17  1:24  Drone  
  19  1:25  Extractor  
  18  1:40  Drone x2  
  20  1:51  Overlord  
  20  1:54  Queen  
  22  2:10  Zergling x2  
  23  2:16  Drone, Roach Warren  
  23  2:17  Extractor  
  22  2:28  Drone x2  
  22  2:29  Queen  
  26  2:42  Drone  
  26  2:44  Drone  
  28  2:56  Roach x3  
  34  3:02  Roach  
  34  3:03  Overlord  
  36  3:08  Overlord  
  35  3:26  Overlord  
  35  3:29  Roach  
  37  3:34  Ravager x3  
  37  3:35  Ravager  
  37  3:39  Drone x3  
  44  3:46  Drone x2  
  46  3:50  Ravager  
  46  3:51  Drone  
  46  3:52  Drone x3  
  51  3:56  Drone  
  51  3:59  Drone  
  53  4:06  Metabolic Boost  
  53  4:08  Drone  
  54  4:20  Overlord  
  54  4:21  Drone, Spine Crawler, Extractor  
  54  4:22  Extractor  
  52  4:26  Drone x2  
  52  4:27  Drone  
  52  4:29  Drone  
  56  4:37  Drone x3  
  56  4:38  Drone  
  60  4:42  Zergling x4  
  62  4:51  Evolution Chamber x2  
  60  4:54  Evolution Chamber  
  60  4:57  Roach  
  60  4:58  Roach  
  63  5:11  Roach  
  63  5:13  Lair  
  65  5:15  Roach  
  65  5:16  Overlord  
  65  5:17  Ravager  
  67  5:33  Overlord  
  66  5:37  Ravager x3  
  69  5:54  Roach  
  69  5:55  Roach x6  
  83  6:13  Overlord x2  
  83  6:14  Glial Reconstitution  
  83  6:15  Burrow  
  83  6:27  Hatchery  
  82  6:35  Ravager x2  
  82  6:36  Roach  
  82  6:37  Roach x2  
  91  6:40  Drone x2  
  93  6:50  Hatchery  
  92  6:57  Roach x4  
  100  7:08  Overlord  
  100  7:09  Overlord x2  
  100  7:32  Roach  
  100  7:33  Roach x6  
  114  7:42  Overlord x2  
  114  7:44  Drone x2  
  116  7:46  Roach x10  
  107  8:07  Roach  
  107  8:08  Roach x5  
  104  8:16  Roach x4  
  73  8:21  Roach x6  
Show
View Real Time Build Order
Export as new Build Order

Typhux Zerg - Winner!

Build Orders: Hatch First 

Get SALT Encoding   

  12  0:01  Drone  
  13  0:13  Overlord  
  13  0:19  Drone  
  14  0:32  Drone x2  
  16  0:37  Drone  
  17  0:46  Drone  
  18  0:58  Hatchery  
  17  1:06  Drone  
  18  1:16  Spawning Pool  
  18  1:18  Drone  
  18  1:24  Drone  
  19  1:27  Extractor  
  19  1:32  Drone  
  19  1:39  Overlord  
  19  1:51  Drone  
  20  2:01  Drone  
  21  2:11  Queen x2  
  25  2:17  Drone x2  
  25  2:20  Overlord  
  27  2:31  Metabolic Boost  
  27  2:36  Drone x3  
  30  2:42  Overlord  
  30  2:45  Drone  
  31  2:54  Zergling x2  
  31  2:56  Drone, Baneling Nest  
  32  3:04  Drone  
  33  3:07  Drone  
  34  3:14  Drone  
  34  3:16  Drone  
  36  3:20  Drone  
  36  3:24  Overlord  
  36  3:26  Zergling x2  
  38  3:33  Hatchery  
  38  3:34  Drone x2  
  39  3:35  Zergling x2  
  39  3:37  Zergling x2  
  39  3:39  Zergling x2  
  42  3:44  Extractor  
  42  3:47  Roach Warren  
  42  3:48  Drone  
  41  3:53  Drone x2  
  41  3:54  Drone  
  44  4:00  Drone x3  
  47  4:08  Overlord  
  46  4:10  Zergling x6  
  49  4:17  Overlord  
  49  4:28  Roach x5  
  59  4:34  Overlord  
  59  4:37  Extractor  
  59  4:38  Roach x3  
  64  4:42  Overlord  
  64  4:47  Queen  
  64  4:51  Ravager x2  
  68  4:55  Drone x2  
  68  4:56  Drone  
  68  4:58  Drone  
  72  5:00  Drone  
  72  5:02  Ravager  
  74  5:08  Drone  
  74  5:09  Drone  
  74  5:13  Drone x4  
  80  5:16  Zergling x4  
  80  5:17  Zergling x2  
  80  5:21  Baneling x4  
  83  5:30  Zergling x12  
  83  5:34  Baneling  
  89  5:37  Overlord x2  
  89  5:40  Lair  
  89  5:45  Evolution Chamber  
  85  5:55  Drone x4  
  85  5:56  Drone  
  89  5:57  Extractor  
  89  5:58  Drone x2  
  90  6:08  Roach x6  
  102  6:13  Drone  
  102  6:14  Drone  
  102  6:15  Drone  
  102  6:17  Zerg Missile Weapons Level 1  
  105  6:23  Overlord x2  
  105  6:26  Overlord  
  105  6:28  Overlord  
  105  6:42  Ravager x4  
  108  6:48  Roach x2  
  108  6:52  Drone x3  
  108  6:53  Drone x2  
  117  6:55  Extractor  
  117  6:57  Drone x3, Extractor  
  117  6:58  Drone x2  
  117  7:00  Drone  
  117  7:01  Roach x4  
  129  7:06  Overlord x2  
  129  7:07  Overlord  
  126  7:09  Roach  
  126  7:12  Ravager  
  129  7:19  Overlord  
  129  7:24  Ravager x3  
  129  7:27  Zergling x12  
  129  7:28  Zergling x10  
  143  7:30  Hatchery, Baneling  
  143  7:31  Baneling x3  
  143  7:33  Zergling x6  
  145  7:37  Ravager  
  145  7:43  Zergling x8  
  111  8:14  Roach x6  
  111  8:15  Roach x9  
  111  8:16  Overseer  
  114  8:23  Roach  
Tags
 
Add a new tag
Caveats
  • Supply blocks, unpowered buildings, or Contaminate may cause inaccurate times.
  • Supply counts are checked every 10 seconds.